TOP OF THE 1ST |
Boston Patriots batting - Pitching for Thunder Bay Northern Lions BC : RHP Ramón Molina
|
Pitching: RHP Ramón Molina
|
|
Batting: LHB Alberto Enríquez
|
0-0: Ball 1-0: Called Strike 1-1: Ball 2-1: Ball 3-1: Foul Ball, location: 2F 3-2: SINGLE (Line Drive, 4MD)
|
Batting: LHB Ramón Félix
|
0-0: Called Strike 0-1: Swinging Strike 0-2: Ball 1-2: Ball 2-2: Ball 3-2: Foul Ball, location: 2F 3-2: Foul Ball, location: 2F 3-2: Foul Ball, location: 2F 3-2: Foul Ball, location: 2F 3-2: Strikes out swinging
|
Batting: RHB Terry Armstrong
|
0-0: Called Strike 0-1: Ball 1-1: Ball Wild Pitch! Alberto Enríquez to second 2-1: Foul Ball, location: 2F 2-2: Ball 3-2: Base on Balls
|
Batting: RHB Tommy Jones
|
0-0: Swinging Strike 0-1: Ball 1-1: Ball 2-1: Ball 3-1: Base on Balls Alberto Enríquez to third Terry Armstrong to second
|
Batting: RHB Tamasaburo Kato
|
0-0: SINGLE (Line Drive, 7S) Alberto Enríquez scores Terry Armstrong to third Tommy Jones to second
|
Batting: LHB Jorge Alejándrez
|
0-0: Ball 1-0: Foul Ball, location: 2F 1-1: Foul Ball, location: 2F 1-2: Ball 2-2: Strikes out swinging
|
Batting: LHB Bill Chambers
|
0-0: Ball 1-0: Called Strike 1-1: SINGLE (Groundball, 6MD) Terry Armstrong scores Tommy Jones to third Tamasaburo Kato to second Runner from 3rd tries for Home, SAFE, no throw
|
Batting: RHB Joseph Papasogli
|
0-0: Fielders Choice at 2nd, 6-4 (Groundball, 6)
|
Top of the 1st over - 3 run(s), 3 hit(s), 0 error(s), 1 left on base; Boston 3 - Thunder Bay 0 |
BOTTOM OF THE 1ST |
Thunder Bay Northern Lions BC batting - Pitching for Boston Patriots : RHP Cameron Frye
|
Pitching: RHP Cameron Frye
|
|
Batting: SHB Terumoto Kurihara
|
0-0: Ball 1-0: Foul Ball, location: 2F 1-1: Ball 2-1: Foul Ball, location: 2F 2-2: Strikes out looking
|
Batting: RHB Keith Fish
|
0-0: Foul Ball, location: 2F 0-1: Foul Ball, location: 2F 0-2: Ball 1-2: Ball 2-2: Foul Ball, location: 2F 2-2: Strikes out swinging
|
Batting: RHB Carlos Padilla
|
0-0: Ball 1-0: Called Strike 1-1: Called Strike 1-2: Fly out, F4 (Popup, 4MD)
|
Bottom of the 1st over - 0 run(s), 0 hit(s), 0 error(s), 0 left on base; Boston 3 - Thunder Bay 0 |
TOP OF THE 2ND |
Boston Patriots batting - Pitching for Thunder Bay Northern Lions BC : RHP Ramón Molina
|
Batting: RHB Vincente Flores
|
0-0: Called Strike 0-1: Fly out, F8 (Flyball, 8LS)
|
Batting: LHB Alberto Enríquez
|
0-0: Swinging Strike 0-1: Ball 1-1: Swinging Strike 1-2: Foul Ball, location: 2F 1-2: Ball 2-2: Ball 3-2: Ground out 4-3 (Groundball, 4)
|
Batting: LHB Ramón Félix
|
0-0: Ball 1-0: SINGLE (Groundball, 4MD)
|
Batting: RHB Terry Armstrong
|
0-0: Ball 1-0: Ball 2-0: SINGLE (Groundball, 34D) Ramón Félix to second Runner from 2nd tries for 3rd, SAFE, throw made to third
|
Batting: RHB Tommy Jones
|
0-0: SINGLE (Groundball, 4MD) Ramón Félix scores Terry Armstrong to second Runner from 2nd tries for 3rd, SAFE, throw made to third
|
Batting: RHB Tamasaburo Kato
|
0-0: Called Strike 0-1: Ball 1-1: Ball 2-1: Ball 3-1: Foul Ball, location: 2F 3-2: Foul Ball, location: 2F 3-2: Foul Ball, location: 2F 3-2: Foul Ball, location: 2F 3-2: Ground out 4-3 (Groundball, 34)
|
Top of the 2nd over - 1 run(s), 3 hit(s), 0 error(s), 2 left on base; Boston 4 - Thunder Bay 0 |
BOTTOM OF THE 2ND |
Thunder Bay Northern Lions BC batting - Pitching for Boston Patriots : RHP Cameron Frye
|
Batting: LHB David Smith
|
0-0: Called Strike 0-1: Ball 1-1: Called Strike 1-2: Foul Ball, location: 2F 1-2: Ball 2-2: Foul Ball, location: 2F 2-2: Ball 3-2: Strikes out swinging
|
Batting: SHB Carlos Rodríguez
|
0-0: Ball 1-0: Called Strike 1-1: Ball 2-1: Swinging Strike 2-2: Strikes out looking
|
Batting: RHB António Mendoza
|
0-0: Ball 1-0: Foul Ball, location: 2F 1-1: Fly out, F6 (Line Drive, 6M)
|
Bottom of the 2nd over - 0 run(s), 0 hit(s), 0 error(s), 0 left on base; Boston 4 - Thunder Bay 0 |
TOP OF THE 3RD |
Boston Patriots batting - Pitching for Thunder Bay Northern Lions BC : RHP Ramón Molina
|
Batting: LHB Jorge Alejándrez
|
0-0: Ball 1-0: Ground out U3 (Groundball, 34)
|
Batting: LHB Bill Chambers
|
0-0: Ball 1-0: SOLO HOME RUN (Flyball, 9D), Distance : 344 ft
|
Batting: RHB Joseph Papasogli
|
0-0: Ball 1-0: Fly out, F7 (Line Drive, 7)
|
Batting: RHB Vincente Flores
|
0-0: Ball 1-0: Called Strike 1-1: Foul Ball, location: 2F 1-2: Hit by Pitch
|
Batting: LHB Alberto Enríquez
|
0-0: Ball 1-0: Ball 2-0: Fly out, F9 (Flyball, 9S)
|
Top of the 3rd over - 1 run(s), 1 hit(s), 0 error(s), 1 left on base; Boston 5 - Thunder Bay 0 |
BOTTOM OF THE 3RD |
Thunder Bay Northern Lions BC batting - Pitching for Boston Patriots : RHP Cameron Frye
|
Batting: LHB Ramón Gómez
|
0-0: Ball 1-0: Ball 2-0: SINGLE (Line Drive, 78M)
|
Batting: RHB Ray John
|
0-0: Ball 1-0: Called Strike 1-1: Ball 2-1: Ball 3-1: Fly out, F3 (Popup, 3L)
|
Batting: LHB Chris Gregory
|
0-0: Ball 1-0: Foul Ball, location: 2F 1-1: Called Strike 1-2: Ball 2-2: Ball 3-2: Ground out 6-3 (Groundball, 56D) Ramón Gómez to second
|
Batting: SHB Terumoto Kurihara
|
0-0: Ball 1-0: Ball 2-0: Ball 3-0: Called Strike 3-1: Fly out, F8 (Flyball, 8LD)
|
Bottom of the 3rd over - 0 run(s), 1 hit(s), 0 error(s), 1 left on base; Boston 5 - Thunder Bay 0 |
TOP OF THE 4TH |
Boston Patriots batting - Pitching for Thunder Bay Northern Lions BC : RHP Ramón Molina
|
Batting: LHB Ramón Félix
|
0-0: Called Strike 0-1: Swinging Strike 0-2: Strikes out swinging
|
Batting: RHB Terry Armstrong
|
0-0: Ball 1-0: Ball 2-0: Foul Ball, location: 2F 2-1: Foul Ball, location: 2F 2-2: Foul Ball, location: 2F 2-2: Ball 3-2: Base on Balls
|
Batting: RHB Tommy Jones
|
0-0: Ball 1-0: Foul Ball, location: 2F 1-1: Ball 2-1: Ball 3-1: Base on Balls Terry Armstrong to second
|
Batting: RHB Tamasaburo Kato
|
0-0: Ball 1-0: Foul Ball, location: 2F 1-1: Foul Ball, location: 2F 1-2: Ball 2-2: Grounds into double play, 4-6-3 (Groundball, 4)
|
Top of the 4th over - 0 run(s), 0 hit(s), 0 error(s), 1 left on base; Boston 5 - Thunder Bay 0 |
BOTTOM OF THE 4TH |
Thunder Bay Northern Lions BC batting - Pitching for Boston Patriots : RHP Cameron Frye
|
Batting: RHB Keith Fish
|
0-0: Swinging Strike 0-1: Hit by Pitch
|
Batting: RHB Carlos Padilla
|
0-0: Foul Ball, location: 2F 0-1: Ball 1-1: SINGLE (Line Drive, 9LS) Keith Fish to second
|
Batting: LHB David Smith
|
0-0: Ball 1-0: Foul Ball, location: 2F 1-1: Ball 2-1: Ball 3-1: Called Strike 3-2: Base on Balls Keith Fish to third Carlos Padilla to second
|
Batting: SHB Carlos Rodríguez
|
0-0: Foul Ball, location: 2F 0-1: Ball 1-1: Ball 2-1: Fielders Choice at 2nd, 3-6 (Groundball, 34) Keith Fish scores Carlos Padilla to third
|
Batting: RHB António Mendoza
|
0-0: Called Strike 0-1: Called Strike 0-2: Fielders Choice at 2nd, 6-4 (Groundball, 6) Carlos Padilla scores
|
Batting: LHB Ramón Gómez
|
0-0: Ball António Mendoza steals 2nd base 1-0: Swinging Strike 1-1: Swinging Strike 1-2: Ball Passed Ball! António Mendoza to third 2-2: Strikes out looking
|
Bottom of the 4th over - 2 run(s), 1 hit(s), 0 error(s), 1 left on base; Boston 5 - Thunder Bay 2 |
TOP OF THE 5TH |
Boston Patriots batting - Pitching for Thunder Bay Northern Lions BC : RHP Ramón Molina
|
Batting: LHB Jorge Alejándrez
|
0-0: Swinging Strike 0-1: Called Strike 0-2: Ball 1-2: Strikes out looking
|
Batting: LHB Bill Chambers
|
0-0: Ball 1-0: Called Strike 1-1: Ground out 6-3 (Groundball, 56)
|
Batting: RHB Joseph Papasogli
|
0-0: Ball 1-0: Ball 2-0: SINGLE (Line Drive, 56D)
|
Batting: RHB Vincente Flores
|
0-0: Ball 1-0: Foul Ball, location: 2F 1-1: Fly out, F8 (Flyball, 89M)
|
Top of the 5th over - 0 run(s), 1 hit(s), 0 error(s), 1 left on base; Boston 5 - Thunder Bay 2 |
BOTTOM OF THE 5TH |
Thunder Bay Northern Lions BC batting - Pitching for Boston Patriots : RHP Cameron Frye
|
Batting: RHB Ray John
|
0-0: Ball 1-0: Foul Ball, location: 2F 1-1: Ball 2-1: SINGLE (Flyball, 9LM)
|
Batting: LHB Chris Gregory
|
0-0: Ball 1-0: Swinging Strike 1-1: Swinging Strike 1-2: Strikes out swinging
|
Batting: SHB Terumoto Kurihara
|
0-0: Called Strike 0-1: Foul Ball, location: 2F 0-2: Ball 1-2: Foul Ball, location: 2F 1-2: SINGLE (Groundball, 4S) (infield hit) Ray John to second
|
Batting: RHB Keith Fish
|
0-0: Ball 1-0: SINGLE (Line Drive, 89S) Ray John to third Terumoto Kurihara to second
|
Batting: RHB Carlos Padilla
|
0-0: Swinging Strike 0-1: Ball 1-1: Grounds into double play, 6-4-3 (Groundball, 6)
|
Bottom of the 5th over - 0 run(s), 3 hit(s), 0 error(s), 2 left on base; Boston 5 - Thunder Bay 2 |
TOP OF THE 6TH |
Boston Patriots batting - Pitching for Thunder Bay Northern Lions BC : RHP Ramón Molina
|
Batting: LHB Alberto Enríquez
|
0-0: Ball 1-0: Ball 2-0: SINGLE (Groundball, 56D)
|
Pitching: RHP Rafael Rodríguez
|
|
Batting: LHB Ramón Félix
|
0-0: Ball 1-0: Swinging Strike 1-1: Fly out, F9 (Line Drive, 9D)
|
Batting: RHB Terry Armstrong
|
0-0: Grounds into double play, 5-4-3 (Groundball, 56)
|
Top of the 6th over - 0 run(s), 1 hit(s), 0 error(s), 0 left on base; Boston 5 - Thunder Bay 2 |
BOTTOM OF THE 6TH |
Thunder Bay Northern Lions BC batting - Pitching for Boston Patriots : RHP Cameron Frye
|
Batting: LHB David Smith
|
0-0: Called Strike 0-1: Fly out, F9 (Flyball, 9S)
|
Batting: SHB Carlos Rodríguez
|
0-0: Ball 1-0: Called Strike 1-1: Reached on error, E4 (Groundball, 4)
|
Batting: RHB António Mendoza
|
0-0: Ground out 4-3 (Groundball, 34) Carlos Rodríguez to second
|
Batting: LHB Ramón Gómez
|
0-0: Ball 1-0: Foul Ball, location: 2F 1-1: Ball 2-1: Foul Ball, location: 2F 2-2: DOUBLE (Line Drive, 78M) Carlos Rodríguez scores
|
Batting: RHB Ray John
|
0-0: Called Strike 0-1: Ball 1-1: Ball 2-1: Foul Ball, location: 2F 2-2: Foul Ball, location: 2F 2-2: Fly out, F8 (Flyball, 8RM)
|
Bottom of the 6th over - 1 run(s), 1 hit(s), 1 error(s), 1 left on base; Boston 5 - Thunder Bay 3 |
TOP OF THE 7TH |
Boston Patriots batting - Pitching for Thunder Bay Northern Lions BC : RHP Rafael Rodríguez
|
Batting: RHB Tommy Jones
|
0-0: Called Strike 0-1: Ball 1-1: Ball 2-1: Ball 3-1: Foul Ball, location: 2F 3-2: Foul Ball, location: 2F 3-2: Base on Balls
|
Batting: RHB Tamasaburo Kato
|
Pickoff Throw to First - Out! 0-0: Ball 1-0: Ball 2-0: Ball 3-0: Called Strike 3-1: Called Strike 3-2: Foul Ball, location: 2F 3-2: Base on Balls
|
Batting: LHB Jorge Alejándrez
|
0-0: Called Strike 0-1: Called Strike 0-2: Ball 1-2: Foul Ball, location: 2F 1-2: Fly out, F5 (Popup, 56D)
|
Batting: LHB Bill Chambers
|
0-0: Called Strike 0-1: Called Strike 0-2: Foul Ball, location: 2F 0-2: Foul Ball, location: 2F 0-2: Ball 1-2: Strikes out looking
|
Top of the 7th over - 0 run(s), 0 hit(s), 0 error(s), 1 left on base; Boston 5 - Thunder Bay 3 |
BOTTOM OF THE 7TH |
Thunder Bay Northern Lions BC batting - Pitching for Boston Patriots : RHP Cameron Frye
|
Batting: LHB Chris Gregory
|
0-0: Swinging Strike 0-1: Swinging Strike 0-2: Ball 1-2: Strikes out swinging
|
Pitching: RHP Folkert van Huizen
|
|
Batting: SHB Terumoto Kurihara
|
0-0: Ball 1-0: Called Strike 1-1: Ball 2-1: Called Strike 2-2: Ball 3-2: Ground out 4-3 (Groundball, 34)
|
Batting: RHB Keith Fish
|
0-0: Foul Ball, location: 2F 0-1: Ball 1-1: Ground out 2-3 (Groundball, 15S)
|
Bottom of the 7th over - 0 run(s), 0 hit(s), 0 error(s), 0 left on base; Boston 5 - Thunder Bay 3 |
TOP OF THE 8TH |
Boston Patriots batting - Pitching for Thunder Bay Northern Lions BC : RHP Rafael Rodríguez
|
Batting: RHB Joseph Papasogli
|
0-0: Ball 1-0: Ground out 6-3 (Groundball, 6D)
|
Batting: RHB Vincente Flores
|
0-0: Ball 1-0: Called Strike 1-1: Swinging Strike 1-2: Ball 2-2: Strikes out swinging, 2-3 out at first.
|
Batting: LHB Alberto Enríquez
|
0-0: Foul Ball, location: 2F 0-1: Ball 1-1: SINGLE (Groundball, 56D)
|
Batting: LHB Ramón Félix
|
0-0: Ball 1-0: Ball 2-0: Ball 3-0: Base on Balls Alberto Enríquez to second
|
Batting: RHB Terry Armstrong
|
0-0: Fielders Choice at 2nd, 5-4 (Groundball, 56)
|
Top of the 8th over - 0 run(s), 1 hit(s), 0 error(s), 1 left on base; Boston 5 - Thunder Bay 3 |
BOTTOM OF THE 8TH |
Thunder Bay Northern Lions BC batting - Pitching for Boston Patriots : RHP Folkert van Huizen
|
Batting: RHB Carlos Padilla
|
0-0: Fly out, F7 (Flyball, 7)
|
Batting: LHB David Smith
|
0-0: Foul Ball, location: 2F 0-1: Foul Ball, location: 2F 0-2: Ball 1-2: Foul Ball, location: 2F 1-2: Ball 2-2: Ball 3-2: Fly out, F9 (Flyball, 9)
|
Batting: SHB Carlos Rodríguez
|
0-0: Called Strike 0-1: Ball 1-1: Foul Ball, location: 2F 1-2: Ball 2-2: SOLO HOME RUN (Flyball, 89XD), Distance : 396 ft
|
Batting: RHB António Mendoza
|
0-0: Called Strike 0-1: Foul Ball, location: 2F 0-2: Ball 1-2: Ball 2-2: Ball 3-2: Strikes out swinging, 2-3 out at first.
|
Bottom of the 8th over - 1 run(s), 1 hit(s), 0 error(s), 0 left on base; Boston 5 - Thunder Bay 4 |
TOP OF THE 9TH |
Boston Patriots batting - Pitching for Thunder Bay Northern Lions BC : RHP Rafael Rodríguez
|
Batting: RHB Tommy Jones
|
0-0: Ball 1-0: Foul Ball, location: 2F 1-1: Swinging Strike 1-2: Strikes out swinging
|
Batting: RHB Tamasaburo Kato
|
0-0: Ball 1-0: Ball 2-0: Ball 3-0: Called Strike 3-1: Base on Balls
|
Batting: LHB Jorge Alejándrez
|
0-0: Fly out, F7 (Flyball, 7D)
|
Batting: LHB Bill Chambers
|
0-0: Ball 1-0: Ball 2-0: Called Strike 2-1: Ball 3-1: Foul Ball, location: 2F 3-2: Strikes out swinging
|
Top of the 9th over - 0 run(s), 0 hit(s), 0 error(s), 1 left on base; Boston 5 - Thunder Bay 4 |
BOTTOM OF THE 9TH |
Thunder Bay Northern Lions BC batting - Pitching for Boston Patriots : RHP Folkert van Huizen
|
Pitching: LHP Eugene Clarkston
|
|
Pinch Hitting: RHB Wilfred McLaughlin
|
0-0: Called Strike 0-1: Fly out, F9 (Flyball, 9LM)
|
Batting: RHB Ray John
|
0-0: Ball 1-0: Foul Ball, location: 2F 1-1: Ball 2-1: Swinging Strike 2-2: Foul Ball, location: 2F 2-2: Foul Ball, location: 2F 2-2: Foul Ball, location: 2F 2-2: Foul Ball, location: 2F 2-2: Foul Ball, location: 2F 2-2: Foul Ball, location: 2F 2-2: SINGLE (Line Drive, 6D)
|
Batting: LHB Chris Gregory
|
0-0: Ball 1-0: Swinging Strike 1-1: Ball 2-1: Ball 3-1: Swinging Strike 3-2: Foul Ball, location: 2F 3-2: Base on Balls Ray John to second
|
Batting: SHB Terumoto Kurihara
|
0-0: Grounds into double play, 5-4-3 (Groundball, 56)
|
Bottom of the 9th over - 0 run(s), 1 hit(s), 0 error(s), 1 left on base; Boston 5 - Thunder Bay 4 |
|